 Dungeon Crawl Stone Soup version 0.19-a0-892-g8a19e52 (webtiles) character file.

131 matakusis the Ducker (level 4, 0/34 HPs)
             Began as a Demonspawn Gladiator on July 4, 2016.
             Slain by a gnoll
             ... wielding a +0 spear
              (2 damage)
             ... on level 2 of the Dungeon.
             The game lasted 00:04:21 (1670 turns).

matakusis the Ducker (Demonspawn Gladiator)         Turns: 1670, Time: 00:04:23

Health: 0/34       AC:  5    Str: 13 (16) XL:     4   Next: 91%
Magic:  4/4        EV: 12    Int:  8 (9)  God:
Gold:   47         SH:  3    Dex: 12 (14) Spells: 0 memorised, 3 levels left

rFire  . . .     SeeInvis .     a - +0 long sword
rCold  . . .     Gourm    .     b - +0 leather armour
rNeg   . . .     Faith    .     e - +0 buckler
rPois  .         Spirit   .     c - +0 helmet
rElec  .         Dismiss  .     (no cloak)
rCorr  .         Reflect  .     g - +0 pair of gloves
SustAt .         Harm     .     (no boots)
MR     .....                    (no amulet)
Stlth  ++........               (no ring)
                                k - ring of stealth

@: not resistant to hostile enchantments, unstealthy
A: talons 1
a: no special abilities


You were on level 2 of the Dungeon.
You were not hungry.

You visited 1 branch of the dungeon, and saw 2 of its levels.

You collected 47 gold pieces.

Inventory:

Hand Weapons
 a - a +0 long sword (weapon)
Missiles
 d - 3 throwing nets (quivered)
Armour
 b - a +0 leather armour (worn)
 c - a +0 helmet (worn)
 e - a +0 buckler (worn)
 g - a +0 pair of gloves (worn)
Jewellery
 k - a ring of stealth (left hand)
Scrolls
 h - 3 scrolls of fear {unknown}
 l - 2 scrolls of remove curse {unknown}
 m - a scroll of magic mapping {unknown}
 n - a scroll of enchant armour {unknown}
 o - a scroll of teleportation {unknown}
 r - a scroll of amnesia {unknown}
 s - a scroll of identify {unknown}
Potions
 j - a potion of brilliance {unknown}
 t - a potion of curing {unknown}
Comestibles
 f - a bread ration
 p - a meat ration
 q - a chunk of flesh


   Skills:
 * Level 2.7 Fighting
 + Level 3.3 Long Blades
 - Level 1.7 Throwing
 * Level 4.1 Dodging
 * Level 1.1 Shields


You had 3 spell levels left.
You didn't know any spells.

Dungeon Overview and Level Annotations

Branches:
Dungeon (2/15)

Altars:


Innate Abilities, Weirdness & Mutations

You have sharp toenails.


Message History

You see here a club.
You hit the gnoll but do no damage. Your kick misses the gnoll.
The gnoll closely misses you. x2; You riposte.
You slash the gnoll! You claw the gnoll.
The gnoll is severely wounded.
The gnoll hits you but does no damage. The gnoll hits you with a spear.
* * * LOW HITPOINT WARNING * * *
The gnoll closely misses you.
You closely miss the gnoll. Your kick misses the gnoll.
You block the gnoll's attack. The gnoll hits you with a spear.
* * * LOW HITPOINT WARNING * * *
The gnoll hits you.
* * * LOW HITPOINT WARNING * * *
You block the gnoll's attack.
Unknown command.
It was a potion of degeneration.
There was something very wrong with that liquid.
You feel weakened.
You feel dopey.
You feel clumsy. The gnoll hits you with a spear.
You die...

#.#...#### ....... #.#...#
...... #.#...########
..g.... #.#.(........#
....... #.#..........#
.l..... #<##.........#####
.......
.................#####l)....
.....########....#...gg....
....## #..g@#.....## ....#
#...gg......# ....#
#...........# ....#
#...........# ....#
##..........# ....#
#..........# #..).......#
#..........# #..........#


You could see 3 gnolls.

Vanquished Creatures
  Robin (D:2)
  A gnoll (D:2)
  4 adders (D:2)
  An ooze (D:2)
  2 worms (D:2)
  2 dart slugs
  2 giant geckos (D:1)
  3 bats
  15 goblins
  10 hobgoblins
  3 jackals (D:2)
  A quokka (D:2)
  A ball python (D:2)
  2 giant newts
  6 kobolds
  3 rats (D:1)
57 creatures vanquished.

Notes
Turn   | Place    | Note
-------+----------+-------------------------------------------
     0 | D:1      | matakusis the Demonspawn Gladiator began the quest for the Orb.
     0 | D:1      | Reached XP level 1. HP: 16/16 MP: 1/1
   189 | D:1      | Reached skill level 3 in Dodging
   266 | D:1      | Gained mutation: You have sharp toenails. [demonic ancestry]
   266 | D:1      | Reached XP level 2. HP: 22/22 MP: 2/2
   843 | D:2      | Reached XP level 3. HP: 21/27 MP: 3/3
   863 | D:2      | Noticed Robin
   875 | D:2      | Killed Robin
  1139 | D:2      | Reached XP level 4. HP: 34/34 MP: 4/4
  1356 | D:2      | Reached skill level 4 in Dodging
  1356 | D:2      | Reached skill level 1 in Shields
  1670 | D:2      | Slain by a gnoll

Vault maps used:
D:1:      lightli_arrival_noodles, minmay_distorted
D:2:      hangedman_decor_opposing, kennysheep_generic_room_3, uniq_robin

Skill      XL: |  1  2  3  4 |
---------------+-------------+-----
Dodging        | 3 4 |  4.1
Long Blades    | 3 |  3.3
Shields        | 1 |  1.1
Fighting       | |  2.7
Throwing       | |  1.7

Action                   |  1- 3 |  4- 6 || total
-------------------------+-------+-------++-------
Melee: Long sword        |   122 |    65 ||   187
       Kick              |    31 |    22 ||    53
  Use: Potion            |       |     1 ||     1
 Stab: Sleeping          |     2 |     2 ||     4
  Eat: Chunk             |     1 |     2 ||     3
Armor: Leather armour    |    35 |     9 ||    44
Dodge: Dodged            |    65 |    39 ||   104
Block: Buckler           |    11 |    12 ||    23
